 Dungeon Crawl Stone Soup version 0.14-a0-2888-g61d0ccb (webtiles) character file.

246 Quh the Magician (level 4, 0/25 HPs)
             Began as a Deep Elf Wizard on Mar 1, 2014.
             Killed by divine providence
             ... invoked by an orc priest
              (11 damage)
             ... on Level 3 of the Dungeon.
             The game lasted 00:17:34 (2628 turns).

Quh the Magician (Deep Elf Wizard)                  Turns: 2628, Time: 00:17:34

HP   0/25        AC  3     Str  5      XL: 4   Next: 15%
MP  11/16        EV 13     Int 23      God:
Gold 168         SH  0     Dex 13      Spells:  4 memorised,  4 levels left

rFire  . . .     SeeInvis .     n - +2,+4 quarterstaff (chaos)
rCold  . . .     Clarity  .     l - +0 robe
rNeg   . . .     Conserve .     (no shield)
rPois  .         rCorr    .     b - +0 elf hat
rElec  .         rRot     .     p - +0 cloak
SustAb . .       Spirit   .     (no gloves)
rMut   .         Warding  .     (no boots)
Saprov . . .     Stasis   .     (no amulet)
MR     .....                    (no ring)
                                (no ring)

@: drained, not resistant to hostile enchantments, fairly stealthy
A: no striking features
a: no special abilities


You were on level 3 of the Dungeon.
You were very hungry.

You visited 1 branch of the dungeon, and saw 3 of its levels.

You collected 168 gold pieces.

Inventory:

Hand weapons
 f - a +1,+2 dagger of holy wrath
 n - a +2,+4 quarterstaff of chaos (weapon)
Missiles
 h - a steel dart (quivered)
Armour
 a - a +0 elven robe
 b - a +0 elven hat (worn)
 e - a +0 robe
 g - a +0 orcish shield
 l - a +0 robe (worn)
 p - a +0 cloak (worn)
Magical devices
 j - a wand of slowing (15)
Comestibles
 d - 2 bread rations
 m - 3 rotting chunks of gnoll flesh
 r - a chunk of orc flesh
Scrolls
 k - a scroll of blinking
 o - a scroll of enchant weapon II
Potions
 q - a potion of curing {unknown}
Books
 c - a book of Minor Magic

   Spells                             Type                      Level
   *Magic Dart                        Conjuration                  1
   *Blink                             Translocation                2
   *Call Imp                          Summoning                    2
   Repel Missiles                     Charms/Air                   2
   Slow                               Hexes                        2
   Conjure Flame                      Conjuration/Fire             3
   *Mephitic Cloud                    Conjuration/Poison/Air       3


   Skills:
 * Level 1.3(1.1) Fighting
 + Level 3.3(3.1) Dodging
 - Level 2.4(2.2) Stealth
 - Level 4.6(4.3) Spellcasting
 * Level 2.0(1.8) Conjurations
 + Level 1.2(1.0) Summonings
 + Level 1.8(1.6) Translocations
 * Level 0.2(0.0) Air Magic
 * Level 0.9(0.7) Poison Magic


You had 4 spell levels left.
You knew the following spells:

 Your Spells              Type           Power        Failure   Level  Hunger
a - Magic Dart            Conj           ##..         6%          1    None
b - Blink                 Tloc           N/A          10%         2    None
c - Call Imp              Summ           #.........   12%         2    None
d - Mephitic Cloud        Conj/Pois/Air  #.......     24%         3    ##.....


Dungeon Overview and Level Annotations

Branches:
Dungeon (3/16)

Altars:


Message History

The orc priest hits you with a flail.
Eat a chunk of goblin flesh? (ye/n/q/i?) This raw flesh tastes terrible.
You are feeling very hungry.
The orc priest hits you but does no damage.
You continue eating.
The orc priest hits you with a flail.
You continue eating.
The orc priest invokes the aid of Beogh against you.
Something smites you!
Casting: Magic Dart
Confirm with . or Enter, or press ? or * to list all spells.
Aiming: Magic Dart
Press: ? - help, Shift-Dir - straight line, f/p - orc priest
Aim: an orc priest, wielding a flail and wearing an orcish leather armour (severely wounded)
The magic dart hits the orc priest.
The orc priest is almost dead.
The orc priest calls down the wrath of Beogh upon you.
Something smites you!
You die...

#.#
#.#######
#.# #...#
#.# ###.#
#.# #.#
########.#
#.#
#.....##.#
#.#
#.....##.#
#.#
#.....##.#
#.#
+..@o....#
#.#
#......#.#
#.#
######.#.#
#%# #.#.#
#)#
#.#.#####.##
#.#....[...#
#.#.########
#.#.........
#.#.#######


You could see an orc priest.

Vanquished Creatures
  Crazy Yiuf (D:2)
  Jessica (D:2)
  2 giant geckos (D:1)
  An orc (D:3)
  A bat (D:3)
  3 giant cockroaches
  5 goblins
  3 hobgoblins
  6 kobolds
  A quokka (D:2)
  4 giant newts
28 creatures vanquished.

Vanquished Creatures (collateral kills)
  An adder (D:2)
  An ooze (D:2)
  2 orcs (D:3)
  A ball python (D:2)
  2 bats (D:1)
  3 hobgoblins
  2 giant cockroaches (D:1)
  2 goblins
  2 kobolds (D:1)
16 creatures vanquished.

Vanquished Creatures (others)
  A shadow imp (D:3)
  2 white imps
3 creatures vanquished.

Grand Total: 47 creatures vanquished

Notes
Turn   | Place    | Note
--------------------------------------------------------------
     0 | D:1      | Quh, the Deep Elf Wizard, began the quest for the Orb.
     0 | D:1      | Reached XP level 1. HP: 10/10 MP: 6/6
   463 | D:1      | Reached XP level 2. HP: 16/16 MP: 4/9
   467 | D:1      | Learned a level 2 spell: Blink
   470 | D:1      | Learned a level 2 spell: Call Imp
  1354 | D:1      | Reached skill level 1 in Fighting
  1524 | D:2      | Noticed Jessica
  1533 | D:2      | Killed Jessica
  1533 | D:2      | Reached XP level 3. HP: 15/20 MP: 5/12
  1820 | D:2      | Learned a level 3 spell: Mephitic Cloud
  2263 | D:2      | Noticed Crazy Yiuf
  2284 | D:2      | Killed Crazy Yiuf
  2284 | D:2      | Reached XP level 4. HP: 17/25 MP: 6/16
  2628 | D:3      | Killed from afar by an orc priest

Action                   |  1- 3 |  4- 6 || total
-------------------------+-------+-------++-------
Melee: Dagger            |     7 |       ||     7
       Quarterstaff      |       |     1 ||     1
 Cast: Magic Dart        |    61 |    11 ||    72
       Call Imp          |    24 |     5 ||    29
       Mephitic Cloud    |       |     1 ||     1
  Use: Scroll            |     3 |     1 ||     4
